 Dungeon Crawl Stone Soup version 0.31.0-7-gf635a9b802 (webtiles) character file.

Game seed: 14173077571959778935

7 jpg77071 the Grave Robber (level 1, -4/13 HPs)
             Began as a Demonspawn Necromancer on Jan 23, 2024.
             Slain by a ribbon worm (7 damage)
             ... on level 1 of the Dungeon.
             The game lasted 00:01:34 (119 turns).

jpg77071 the Grave Robber (Demonspawn Necromancer)   Turns: 119, Time: 00:01:34

Health: -4/13      AC:  2    Str:  8    XL:     1   Next: 83%
Magic:  0/3        EV: 12    Int: 15    God:
Gold:   17         SH:  0    Dex: 13    Spells: 3/4 levels left

rFire   . . .        c - +0 short sword
rCold   . . .        (no shield)
rNeg    . . .        a - +0 robe
rPois   .            (no helmet)
rElec   .            (no cloak)
rCorr   .            (no gloves)
SInv    .            (no boots)
Will    .....        (no amulet)
Stlth   ++           (no ring)
HPRegen 0.22/turn    (no ring)
MPRegen 0.08/turn

%: no passive effects
@: no status effects
A: no striking features
a: no special abilities


You were on level 1 of the Dungeon.
You visited 1 branch of the dungeon, and saw 1 of its levels.

You collected 17 gold pieces.

Inventory:

Hand Weapons
 c - a +0 short sword (weapon)
Armour
 a - a +0 robe (worn)
Potions
 b - a potion of magic
 d - a potion of curing {unknown}
 e - a potion of lignification {unknown}


   Skills:
 + Level 1.8 Dodging
 + Level 1.8 Stealth
 + Level 2.1 Spellcasting
 + Level 4.7 Necromancy


You had 3 spell levels left.
You knew the following spells:

 Your Spells              Type           Power      Damage    Failure   Level
a - Necrotise             Necr           60%        1d7       3%          1

Your spell library contained the following spells:

 Spells                   Type           Power      Damage    Failure   Level
 Vampiric Draining        Necr           15%        2d7       10%         3
 Animate Dead             Necr           15%        N/A       32%         4
 Curse of Agony           Necr           15%        N/A       65%         5


Dungeon Overview and Level Annotations

Branches:
Dungeon (1/15)

Altars:


Message History

Ouch! That really hurt!
* * * LOW HITPOINT WARNING * * *
There is a shaft here.
The ribbon worm completely misses you.
There is a shaft here.
The ribbon worm expels a string of sticky webbing.
The stream of webbing hits you but does no damage.
You are caught in a web!
There is a web here.
The web tears apart.
The ribbon worm barely misses you.
The ribbon worm attacks as it pursues you!
The ribbon worm completely misses you.
The ribbon worm expels a string of sticky webbing.
The stream of webbing misses you.
A ribbon worm is nearby!
You start resting.
A ribbon worm is nearby!
Aiming: Necrotise (safe; 3% risk of failure)
Press: ? - help, Q - select action Shift-Dir - straight line, f - ribbon worm
Aim: a ribbon worm (chance to affect: 79%)
The ribbon worm writhes in agony.
Aiming: Necrotise (safe; 3% risk of failure)
Press: ? - help, Q - select action Shift-Dir - straight line, f/p - ribbon worm
Aim: a ribbon worm (lightly wounded, chance to affect: 79%)
The ribbon worm barely resists.
Aiming: Necrotise (safe; 3% risk of failure)
Press: ? - help, Q - select action Shift-Dir - straight line, f/p - ribbon worm
Aim: a ribbon worm (lightly wounded, chance to affect: 79%)
The ribbon worm writhes in agony.
The ribbon worm closely misses you.
You barely miss the ribbon worm.
The ribbon worm is heavily wounded.
The ribbon worm bites you!
Ouch! That really hurt!
* * * LOW HITPOINT WARNING * * *
You hit the ribbon worm but do no damage.
The ribbon worm is moderately wounded.
The ribbon worm bites you!
Ouch! That really hurt!
You die...

# ##. #.. ### #...## ###
#.# ..## ## #....####.##
#.# ##..# ## .. #..@w..#
#.# ##.... >#### .
##.##.## #.###.....
÷÷.⌠# #. #.##.#
#.##...... 8÷..# #.#
##.##.#####.#...)...
÷÷..#
#.###.###.w..w......^...
..≈.# #####...##
#######......>..
<.≈.#.#......##
#..#...^..
..≈.#.#.###..#
#..##^.^^.
..§.#.....#..#
#..###....


You could see a ribbon worm.

Vanquished Creatures
  A ribbon worm (D:1)
  A giant cockroach (D:1)
  A quokka (D:1)
  A frilled lizard (D:1)
  A rat (D:1)
5 creatures vanquished.

Notes
Turn   | Place    | Note
-------+----------+-------------------------------------------
     0 | D:1      | jpg77071 the Demonspawn Necromancer began the quest for the
                  | Orb.
     0 | D:1      | Reached XP level 1. HP: 13/13 MP: 3/3
   119 | D:1      | Slain by a ribbon worm

Illustrated notes

Levels and vault maps discovered:
D:1:      dreamdust_arrival_sigmund_warning, layout_loops_ring,
          nicolae_wormholes

Action                     || total
---------------------------++-------
  Melee: Short sword       ||    18
   Cast: Necrotise         ||    10
 Armour: Robe              ||     7
  Dodge: Dodged            ||    13
